Map: Barriera sommersa LE

Players

Tenebra - Winner!

  • Race: Zerg Zerg
  • Spawn Location: 11:00

VOD

Have the link to the VOD?

Description

Time

  • Played on: Aug. 24, 2017, 10:14 a.m.
  • Length: 6:55
Show
View Real Time Build Order
Export as new Build Order

Tenebra Zerg - Winner!

Build Orders: Hatch First 

Get SALT Encoding   

  12  0:07  Drone  
  12  0:13  Overlord  
  12  0:18  Drone  
  12  0:28  Extractor  
  12  0:29  Drone  
  12  0:36  Drone  
  12  0:54  Hatchery  
  12  0:58  Drone  
  12  1:02  Drone  
  12  1:05  Drone  
  12  1:07  Extractor  
  12  1:23  Spawning Pool  
  12  1:24  Drone  
  12  1:31  Drone  
  12  1:34  Drone  
  12  1:44  Overlord  
  12  1:57  Drone  
  12  2:09  Metabolic Boost  
  12  2:15  Queen, Zergling x4  
  12  2:18  Queen  
  12  2:23  Drone  
  12  2:36  Drone x2  
  12  2:53  Drone x2  
  12  3:12  Hatchery  
  12  3:15  Overlord  
  12  3:20  Drone  
  12  3:21  Drone x4  
  12  3:33  Queen x2  
  12  3:41  Extractor  
  12  3:49  Overlord  
  12  3:54  Drone  
  12  3:55  Drone  
  12  3:56  Drone x2  
  12  3:57  Drone  
  12  3:59  Zergling x2  
  12  4:35  Zergling x2  
  12  4:36  Zergling x18  
  12  4:38  Overlord  
  12  4:59  Drone  
  12  5:00  Drone x5  
  12  5:01  Overlord x2  
  12  5:09  Lair  
  12  5:33  Queen x2  
  12  5:35  Zergling x2  
  12  5:37  Zergling x16  
  12  5:53  Drone  
  12  5:54  Hatchery  
  12  5:55  Drone  
  12  5:57  Zergling x2  
  12  5:58  Zergling x12  
  12  6:09  Baneling Nest  
  12  6:12  Evolution Chamber  
  12  6:43  Drone  
Tags
 
Add a new tag
Caveats
  • Supply blocks, unpowered buildings, or Contaminate may cause inaccurate times.
  • Supply counts are checked every 10 seconds.